 Dungeon Crawl Stone Soup version bcrawl-1.28.1b (webtiles) character file.

Game seed: 9238070325877430500

192684 Adamkad1 the Changer (level 7, -1/57 HPs)
             Began as a Red Draconian Transmuter on Dec 12, 2020.
             Was a Follower of Sif Muna.
             Slain by an elf zombie (7 damage)
             ... in an ossuary.
             The game lasted 00:07:21 (5201 turns).

Adamkad1 the Changer (Red Draconian Transmuter)     Turns: 5201, Time: 00:07:22

Health: -1/57      AC:  2    Str: 15    XL:     7   Next: 77%
Magic:  13/13      EV: 21    Int: 20    God:    Sif Muna [*.....]
Gold:   402        SH:  0    Dex: 16    Spells: 3/14 levels left

rFire    x x .     SeeInvis .     - Fangs (venom) (10.8)
rCold    + + .     Gourm    .   (shield currently unavailable)
rNeg     . . .     Faith    .   (armour unavailable)
rPois    x         Spirit   .   (helmet currently unavailable)
rElec    .         Reflect  .   (cloak currently unavailable)
rCorr    .         Harm     .   (gloves currently unavailable)
MR       .....                  (boots currently unavailable)
Stlth    +.........             (no amulet)
HPRegen  0.19/turn              l - ring "Momeem" {Ice Int+2}
MPRegen  0.13/turn              i - ring of ice

@: brilliant, spider-form
A: tiny, (breathe fire), unfitting armour, AC +6
a: End Transformation, Divine Energy, Renounce Religion


You were in an ossuary.
You worshipped Sif Muna.
Sif Muna was aware of your devotion.
You were hungry.
You were a venomous arachnid creature.
You visited 1 branch of the dungeon, and saw 5 of its levels.
You also visited: Ossuary.

You collected 402 gold pieces.

Inventory:

Missiles
 a - 473 arrows
Armour
 c - a +0 cloak
Jewellery
 i - a ring of ice (right front leg)
 l - the ring "Momeem" (left front leg) {Ice Int+2}
   (You found it on level 2 of the Dungeon)

   [ring of ice]

   It enhances your ice magic.
   It affects your intelligence (+2).
   It makes you vulnerable to fire.
   It protects you from cold.
Wands
 o - a wand of flame (11)
Scrolls
 d - 4 scrolls of remove curse
 f - a scroll of fog {unknown}
 g - 5 scrolls of identify
 h - a scroll of fear {unknown}
 j - a scroll of enchant armour {unknown}
 k - 2 scrolls of magic mapping {unknown}
 r - a scroll of amnesia {unknown}
 t - a scroll of enchant weapon {unknown}
Potions
 m - a potion of agility
 s - a potion of degeneration {unknown}
Comestibles
 e - 9 rations {!d}


   Skills:
 + Level 3.3 Fighting
 + Level 3.0 Dodging
 + Level 4.0 Unarmed Combat
 + Level 4.3 Spellcasting
 * Level 6.2 Transmutations


You had 3 spell levels left.
You knew the following spells:

 Your Spells              Type           Power        Failure   Level  Hunger
a - Beastly Appendage     Tmut           #####.       1%          1    None
b - Passwall              Tmut/Erth      ####....     1%          2    None
c - Spider Form           Tmut/Pois      ###          3%          3    ###....
d - Blade Hands           Tmut           #####.....   6%          5    ######.

Your spell library contained the following spells:

 Spells                   Type           Power        Failure   Level  Hunger
 Sticks to Snakes         Tmut           #####...     1%          2    None
 Magic Dart               Conj           ###.         3%          1    None
 Blink                    Tloc           N/A          4%          2    None
 Call Imp                 Summ           ###...       4%          2    None
 Conjure Flame            Conj/Fire      ###.....     9%          3    ###....
 Mephitic Cloud           Conj/Pois/Air  ###.....     9%          3    ###....
 Ice Form                 Ice/Tmut       ######..     8%          4    #####..


Dungeon Overview and Level Annotations

Branches:
Dungeon (5/12)             Temple (0/1) D:4

Altars:
Cheibriados
Elyvilon
Fedhas
Gozag
Hepliaklqana
Kikubaaqudgha
Makhleb
Ru
Sif Muna
Vehumet
Wu Jian
Xom
The Shining One

Shops:
D:5 %


Innate Abilities, Weirdness & Mutations

((You can breathe blasts of fire.))
((Your fiery red scales are hard. (AC +6)))
You cannot fit into any form of body armour.
((Your flesh is heat resistant. (rF+)))
((You are cold-blooded and may be slowed by cold attacks.))


Message History

The elf zombie is moderately damaged.
The elf zombie completely misses you.
You bite the elf zombie!
The elf zombie is heavily damaged.
You hit the elf zombie but do no damage.
The elf zombie is heavily damaged.
You bite the elf zombie!
The elf zombie is heavily damaged.
The elf zombie hits you.
* * * LOW HITPOINT WARNING * * *
You hit the elf zombie.
The elf zombie is severely damaged.
You feel yourself slow down.
You completely miss the elf zombie.
The elf zombie is severely damaged.
The elf zombie misses you.
You bite the elf zombie!
The elf zombie is severely damaged.
The elf zombie hits you!
You die...

#..##..............
#..#...............
#..................
#.....##...........
#.....##...........
#..................
#.^.^..............
###Z........
#?s#^.......
#??#^.......
############


You could see an elf zombie.

Vanquished Creatures
  Sigmund (D:3)
  Eustachio (D:5)
  An ogre (D:4)
  Blork the orc (D:5)
  2 elf zombies (Ossuary)
  A scorpion (D:5)
  2 hounds
  An iguana (D:4)
  A worker ant (D:5)
  2 mummies (Ossuary)
  4 gnolls (D:3)
  2 adders
  An ooze (D:1)
  An adder zombie (Ossuary)
  3 worms
  2 dart slugs (D:3)
  5 leopard geckos
  An orc (D:5)
  5 bats
  A giant cockroach (D:3)
  4 goblins
  6 hobgoblins
  4 jackals (D:3)
  4 kobolds
  2 quokkas
  5 ball pythons
  4 frilled lizards
  4 hobgoblin zombies
  3 jackal zombies
  A kobold zombie (Ossuary)
  8 rats
  2 rat zombies (Ossuary)
85 creatures vanquished.

Notes
Turn   | Place    | Note
-------+----------+-------------------------------------------
     0 | D:1      | Adamkad1 the Draconian Transmuter began the quest for the
                  | Orb.
     0 | D:1      | Reached XP level 1. HP: 16/16 MP: 3/3
   169 | D:1      | Reached XP level 2. HP: 23/23 MP: 3/5
   567 | D:1      | Reached XP level 3. HP: 16/29 MP: 4/6
   980 | D:2      | Got a fine lead ring
  1015 | D:3      | Identified the cursed ring "Momeem" {Ice Int+2} (You found
                  | it on level 2 of the Dungeon)
  1219 | D:3      | Reached skill level 3 in Transmutations
  1230 | D:3      | Reached XP level 4. HP: 8/36 MP: 7/7
  1583 | D:3      | Found a shimmering blue altar of Sif Muna.
  1583 | D:3      | Found a glowing golden altar of the Shining One.
  1587 | D:3      | Became a worshipper of Sif Muna the Loreminder
  1986 | D:2      | Found a blossoming altar of Fedhas.
  1988 | D:2      | Found an ancient bone altar of Kikubaaqudgha.
  1988 | D:2      | Found a shimmering altar of Xom.
  1990 | D:2      | Found a radiant altar of Vehumet.
  1990 | D:2      | Found a hazy altar of Hepliaklqana.
  1990 | D:2      | Found a white marble altar of Elyvilon.
  2094 | D:2      | Found a burning altar of Makhleb.
  2530 | D:2      | Learned a level 2 spell: Passwall
  2534 | D:2      | Learned a level 3 spell: Spider Form
  2584 | D:3      | Noticed Sigmund
  2594 | D:3      | Killed Sigmund
  2595 | D:3      | Reached skill level 4 in Transmutations
  2595 | D:3      | Reached XP level 5. HP: 25/41 MP: 6/10
  2797 | D:3      | Found a blossoming altar of Fedhas.
  2808 | D:3      | Reached XP level 6. HP: 48/48 MP: 9/11
  3481 | D:4      | Found a staircase to the Ecumenical Temple.
  3488 | D:4      | Learned a level 5 spell: Blade Hands
  3506 | D:4      | Reached skill level 5 in Transmutations
  4085 | D:4      | Reached * piety under Sif Muna
  4127 | D:4      | Found an opulent altar of Gozag.
  4127 | D:4      | Found a sacrificial altar of Ru.
  4237 | D:4      | Found a radiant altar of Vehumet.
  4326 | D:5      | Entered Level 5 of the Dungeon
  4329 | D:5      | Found Xuwn's Food Shoppe.
  4510 | D:5      | Noticed Eustachio
  4548 | D:5      | Killed Eustachio
  4549 | D:5      | Your scales start taking on a fiery red colour.
  4549 | D:5      | Reached XP level 7. HP: 41/56 MP: 11/13
  4549 | D:5      | Gained mutation: Your flesh is heat resistant. (rF+) [Red
                  | Draconian growth]
  4708 | D:5      | Found a snail-covered altar of Cheibriados.
  4807 | D:5      | Found an ornate altar of the Wu Jian Council.
  4974 | D:5      | Noticed Blork the orc
  4985 | D:5      | Killed Blork the orc
  4986 | D:5      | Reached skill level 6 in Transmutations
  5059 | D:5      | Found a sand-covered staircase.
  5080 | Ossuary  | Entered an ossuary
  5201 | Ossuary  | Slain by an elf zombie

Skill      XL: |  1  2  3  4  5  6  7 |
---------------+----------------------+-----
Dodging        | 2 3 |  3.0
Transmutations | 3 4 5 6 |  6.2
Spellcasting   | 3 4 |  4.3
Fighting       | 2 3 |  3.3
Unarmed Combat | 4 |  4.0

Action                   |  1- 3 |  4- 6 |  7- 9 || total
-------------------------+-------+-------+-------++-------
Melee: Unarmed           |    98 |   114 |   117 ||   329
       Kick              |     7 |     2 |       ||     9
       Tailslap          |     5 |     4 |     3 ||    12
       Headbutt          |    14 |     4 |       ||    18
 Cast: Beastly Appendage |    18 |    15 |       ||    33
       Spider Form       |       |     7 |     6 ||    13
 Abil: Breathe Fire      |       |       |     2 ||     2
  Use: Scroll            |     2 |       |       ||     2
       Potion            |     1 |     1 |     5 ||     7
 Stab: Sleeping          |     1 |     2 |       ||     3
  Eat: Chunk             |     2 |     8 |     2 ||    12
       Ration            |     1 |     1 |     1 ||     3
Armor: Skin              |    24 |    76 |    13 ||   113
Dodge: Dodged            |    55 |    80 |    86 ||   221
